Map: Abyssal Reef LE

Players

SamuraiFunn

  • Race: Protoss Protoss
  • League: Platinum
  • Spawn Location: 11:00

A.I. 1 (Elite) - Winner!

  • Race: Terran Terran
  • Spawn Location: 5:00

VOD

Have the link to the VOD?

Description

Time

  • Played on: Nov. 26, 2017, 8:58 p.m.
  • Length: 14:58
Show
View Real Time Build Order
Export as new Build Order

SamuraiFunn Protoss 

Build Orders:  

Get SALT Encoding   

  12  0:02  Probe  
  13  0:14  Probe  
  14  0:26  Probe, Pylon  
  15  0:44  Probe (Chrono Boost)  
  16  0:51  Gateway  
  16  0:56  Probe (Chrono Boost)  
  17  1:02  Probe (Chrono Boost)  
  18  1:06  Assimilator  
  18  1:10  Probe  
  19  1:12  Pylon  
  19  1:22  Probe  
  20  1:32  Gateway  
  20  1:34  Probe  
  21  1:44  Assimilator  
  21  1:46  Probe  
  22  1:58  Probe  
  23  2:02  Cybernetics Core  
  23  2:10  Probe  
  24  2:16  Nexus  
  24  2:18  Zealot  
  26  2:23  Probe  
  27  2:31  Pylon  
  27  2:42  Probe  
  28  2:54  Probe, Assimilator  
  28  2:57  Warp Gate (Chrono Boost)  
  29  3:06  Probe  
  30  3:18  Robotics Facility, Probe  
  31  3:21  Robotics Facility  
  31  3:30  Probe  
  32  3:36  Probe  
  33  3:42  Probe  
  33  3:45  Pylon  
  34  3:48  Probe  
  34  3:54  Probe  
  36  4:00  Assimilator  
  36  4:01  Probe  
  37  4:12  Probe  
  37  4:15  Nexus  
  38  4:17  Pylon  
  38  4:18  Immortal  
  42  4:30  Immortal  
  46  4:34  Probe x2  
  48  4:45  Gateway  
  48  4:47  Probe x2  
  50  4:59  Probe x2  
  52  5:02  Zealot  
  52  5:03  Zealot  
  52  5:06  Immortal  
  60  5:11  Probe x2  
  62  5:18  Pylon  
  62  5:27  Probe x3  
  65  5:39  Probe x3  
  68  5:43  Gateway  
  68  5:46  Zealot  
  68  5:47  Zealot  
  68  5:48  Immortal  
  76  5:52  Zealot  
  76  5:54  Probe x3  
  81  6:05  Pylon  
  81  6:06  Probe  
  81  6:07  Pylon  
  81  6:10  Probe x2  
  84  6:14  Zealot x3  
  90  6:29  Twilight Council  
  90  6:32  Immortal x2  
  98  6:34  Probe x3  
  101  6:46  Probe x3  
  104  6:54  Zealot x2  
  108  7:11  Pylon  
  108  7:12  Pylon  
  108  7:13  Pylon  
  108  7:25  Probe  
  108  7:29  Probe x2  
  111  7:38  Pylon  
  111  7:40  Immortal x2  
  111  7:41  Pylon  
  119  7:46  Pylon  
  119  7:50  Pylon  
  119  7:52  Pylon  
  119  7:54  Gateway  
  119  7:55  Stalker, Zealot  
  119  7:56  Stalker  
  119  7:57  Gateway  
  125  8:00  Gateway  
  121  8:17  Charge  
  111  8:21  Immortal x2  
  119  8:29  Probe  
  120  8:42  Pylon  
  120  8:44  Pylon  
  120  8:46  Pylon  
  120  9:05  Assimilator  
  120  9:09  Assimilator  
  120  9:17  Immortal x2  
  120  9:19  Stalker x2  
  120  9:20  Stalker x4  
  120  9:21  Stalker  
  142  9:45  Robotics Facility x2  
  142  9:46  Robotics Facility  
  142  9:57  Observer x2  
  144  10:01  Pylon x2  
  144  10:03  Pylon  
  144  10:12  Pylon  
  144  10:16  Pylon  
  144  10:17  Warp Prism x2  
  144  10:18  Stalker x4  
  144  10:19  Pylon, Stalker x2  
  144  10:20  Stalker  
  162  10:21  Pylon  
  162  10:24  Blink  
  162  10:37  Nexus  
  162  10:46  Immortal x3  
  174  10:53  Robotics Bay  
  174  11:56  Immortal x3  
  148  12:21  Immortal  
  148  12:22  Immortal  
  114  12:27  Stalker x4  
  114  12:28  Stalker  
  118  12:35  Immortal  
  122  12:50  Immortal  
  130  13:01  Immortal  
  134  13:06  Stalker x5  
  134  13:08  Colossus  
  150  13:34  Nexus  
  150  13:36  Pylon  
  150  13:38  Assimilator  
  150  13:40  Assimilator  
  150  13:44  Gateway x2  
  150  13:47  Gateway  
  150  13:54  Pylon  
  150  13:58  Colossus x2  
  150  14:00  Immortal  
  162  14:22  Pylon  
  162  14:28  Stalker x3  
  162  14:29  Stalker x2  
Show
View Real Time Build Order
Export as new Build Order

A.I. 1 (Elite) Terran - Winner!

Build Orders: MMM Bio 

Get SALT Encoding   

  12  0:00  SCV  
  13  0:13  SCV  
  14  0:18  Supply Depot  
  14  0:25  SCV  
  15  0:29  Refinery  
  15  0:40  SCV  
  16  0:47  Barracks  
  16  0:52  SCV  
  17  1:04  SCV  
  18  1:16  SCV  
  19  1:34  Orbital Command  
  19  1:35  Marine  
  19  1:37  Factory  
  19  1:39  Supply Depot  
  20  1:54  Barracks  
  20  1:55  Marine  
  20  2:00  SCV  
  22  2:09  Refinery  
  22  2:13  Marine  
  22  2:15  SCV  
  24  2:22  Supply Depot  
  24  2:24  Factory Tech Lab  
  24  2:27  SCV  
  25  2:31  Marine  
  26  2:41  Marine  
  27  2:44  Siege Tank  
  27  2:46  SCV  
  27  2:50  Marine  
  32  2:58  Marine  
  32  3:01  SCV, Supply Depot  
  34  3:08  Marine  
  35  3:16  Marine  
  35  3:18  Siege Tank  
  39  3:23  SCV  
  39  3:26  Marine  
  41  3:34  Supply Depot, Marine  
  41  3:35  SCV  
  43  3:59  SCV, Command Center  
  44  4:03  Barracks Tech Lab  
  44  4:06  Barracks Tech Lab  
  44  4:11  SCV  
  44  4:15  Supply Depot  
  45  4:23  SCV  
  46  4:25  Marauder  
  46  4:27  Marauder  
  50  4:35  SCV  
  50  4:36  Stimpack  
  51  4:44  Engineering Bay  
  51  4:46  Marine  
  51  4:48  Marauder  
  54  4:57  Combat Shields  
  54  5:04  Marauder  
  56  5:09  Marauder  
  56  5:10  Terran Infantry Armor Level 1  
  56  5:12  Supply Depot  
  59  5:14  SCV  
  59  5:19  SCV  
  60  5:26  SCV, Marauder  
  63  5:31  SCV  
  63  5:34  Marauder  
  66  5:38  SCV  
  67  5:43  SCV  
  67  5:47  Marauder  
  70  5:50  SCV  
  70  5:55  SCV  
  72  5:59  Marine  
  72  6:00  Engineering Bay  
  72  6:02  SCV  
  72  6:03  Barracks  
  74  6:07  SCV  
  74  6:08  Marine  
  76  6:11  Supply Depot  
  76  6:14  SCV  
  76  6:16  Concussive Shells  
  76  6:18  Marauder  
  79  6:21  Command Center  
  79  6:24  SCV  
  80  6:26  SCV  
  80  6:31  Terran Infantry Weapons Level 1  
  81  6:34  Marauder  
  81  6:36  SCV  
  81  6:39  SCV, Supply Depot  
  85  6:47  Starport  
  85  6:49  Marine  
  85  6:50  Marine  
  87  6:56  Marauder  
  87  7:01  Orbital Command  
  89  7:06  Supply Depot  
  89  7:07  Marauder  
  91  7:08  Barracks Reactor, Missile Turret  
  91  7:11  Missile Turret  
  90  7:24  Marine  
  90  7:25  Barracks  
  90  7:26  Medivac, Missile Turret  
  90  7:28  Missile Turret  
  90  7:29  Marine  
  93  7:33  SCV  
  93  7:35  SCV  
  96  7:37  SCV  
  96  7:42  Marine  
  98  7:45  SCV  
  98  7:47  SCV  
  98  7:49  SCV  
  101  7:55  Missile Turret  
  101  7:57  SCV  
  102  7:59  Starport Reactor, SCV, Marine, Missile Turret  
  102  8:01  SCV  
  105  8:09  SCV  
  105  8:11  Ghost Academy  
  89  8:14  SCV, Orbital Command  
  89  8:17  Marine  
  89  8:18  Marine  
  89  8:19  Marine  
  68  8:20  Marine  
  68  8:22  SCV, Marine  
  71  8:27  SCV  
  71  8:34  SCV, Marine  
  73  8:35  Medivac  
  73  8:36  Marine  
  73  8:37  Marine  
  73  8:38  Marine  
  73  8:39  SCV  
  73  8:40  Marauder  
  73  8:41  SCV  
  83  8:46  SCV  
  84  8:52  Marine  
  84  8:54  Marauder  
  84  8:55  Marine  
  88  8:56  Marine  
  88  8:59  Refinery  
  88  9:02  Marauder  
  91  9:03  Refinery  
  91  9:05  Refinery  
  91  9:10  Marine  
  91  9:12  Armory  
  91  9:13  Marine  
  91  9:14  Marine  
  91  9:15  Ghost  
  96  9:18  Refinery  
  96  9:20  SCV  
  96  9:21  SCV x2  
  96  9:23  Marauder  
  101  9:28  Marine  
  101  9:31  Medivac  
  104  9:33  SCV, Supply Depot  
  104  9:34  SCV x2  
  104  9:38  Medivac  
  109  9:43  Ghost, Missile Turret  
  109  9:44  Ghost  
  109  9:45  SCV  
  114  9:46  SCV  
  114  9:47  SCV  
  116  9:55  Supply Depot  
  116  10:00  Command Center  
  116  10:01  Viking  
  116  10:02  Terran Infantry Weapons Level 2  
  118  10:08  Viking  
  118  10:12  Ghost  
  118  10:13  Marauder  
  124  10:19  Supply Depot  
  124  10:31  Viking  
  124  10:32  Factory  
  124  10:34  Marauder  
  128  10:38  Viking  
  128  10:40  Ghost  
  132  10:43  Supply Depot  
  132  10:47  Marine x2  
  132  10:49  Marine  
  135  10:50  Starport  
  135  10:55  Ghost  
  137  10:58  Hi-Sec Auto Tracking  
  137  11:00  Viking  
  139  11:05  Marine  
  139  11:06  Marine  
  139  11:07  Marine, Supply Depot  
  139  11:08  Viking  
  139  11:09  Missile Turret  
  139  11:10  Marauder  
  146  11:11  Missile Turret  
  146  11:13  Planetary Fortress, Refinery  
  146  11:19  Missile Turret, Refinery  
  146  11:21  Factory Tech Lab, Missile Turret  
  146  11:22  Marine  
  146  11:24  Marauder  
  149  11:26  Barracks Tech Lab, Barracks, Command Center  
  149  11:27  Starport Tech Lab  
  149  11:31  Marauder  
  151  11:34  Siege Tank  
  154  11:41  Siege Tank  
  154  11:44  Supply Depot  
  154  11:45  Marauder  
  154  11:46  High Capacity Fuel Tanks, Marauder  
  160  11:47  SCV  
  160  11:52  Marauder  
  163  11:54  Raven  
  163  11:55  Building Armor  
  165  12:06  Widow Mine, Marauder  
  165  12:07  Marauder  
  168  12:09  Supply Depot  
  168  12:12  Marine  
  168  12:13  Siege Tank  
  168  12:14  Marauder  
  160  12:16  Marine  
  160  12:20  Marine  
  151  12:27  Marine  
  151  12:28  Ghost  
  153  12:30  Marine  
  153  12:33  Marine  
  153  12:34  Ghost  
  153  12:35  Siege Tank  
  160  12:37  Raven, Command Center, Marine  
  160  12:42  Liberator  
  163  12:46  Marauder, Siege Tank  
  163  12:48  Marine, Supply Depot  
  163  12:50  Liberator  
  169  12:51  Marine  
  169  12:55  Marine  
  169  12:57  SCV, Marauder  
  173  13:03  Marine  
  177  13:06  Marine  
  177  13:07  Cyclone  
  177  13:09  Marine  
  177  13:10  Marine  
  186  13:13  Marine  
  186  13:17  Widow Mine  
  186  13:18  Marine  
  190  13:20  Medivac  
  190  13:21  Marauder  
  190  13:23  Marine  
  195  13:37  Missile Turret  
  195  13:39  Cyclone  
  198  13:45  Missile Turret  
  198  13:46  Widow Mine  
  200  13:48  Armory  
  200  13:57  Planetary Fortress, Refinery  
  200  13:59  Missile Turret  
  200  14:00  Command Center  
  200  14:05  Missile Turret  
  200  14:09  Missile Turret  
  200  14:10  Refinery  
  200  14:32  Missile Turret  
Tags
 
Composition
MMM Bio
League
Platinum
Matchup
PvT
Replay Pack
First 100 games
Spawn Locations
Cross Positions
Add a new tag
Caveats
  • Supply blocks, unpowered buildings, or Contaminate may cause inaccurate times.
  • Supply counts are checked every 10 seconds.